 Dungeon Crawl Stone Soup version 0.22-a0-271-gc000056 (webtiles) character file.

157 mhoghedin the Magician (level 5, 0/37 HPs)
             Began as a Gnoll Wanderer on Mar 10, 2018.
             Slain by an orc warrior
             ... wielding a +0 mace
              (12 damage)
             ... on level 4 of the Dungeon.
             The game lasted 00:04:40 (3297 turns).

mhoghedin the Magician (Gnoll Wanderer)             Turns: 3297, Time: 00:04:40

Health: 0/37       AC:  2    Str: 17    XL:     5   Next: 38%
Magic:  6/14       EV: 12    Int: 16    God:
Gold:   86         SH:  0    Dex: 13    Spells: 16/18 levels left

rFire    . . .     SeeInvis .   g - +2 dagger (drain)
rCold    . . .     Gourm    .   (no shield)
rNeg     . . .     Faith    .   c - +0 robe
rPois    .         Spirit   .   (no helmet)
rElec    .         Reflect  .   (no cloak)
rCorr    .         Harm     .   (no gloves)
MR       .....                  (no boots)
Stlth    ++........             (no amulet)
HPRegen  0.12/turn              k - +2 ring of strength
MPRegen  0.14/turn              (no ring)

@: very slightly contaminated
A: distributed training, fangs 1, strong nose
a: no special abilities


You were on level 4 of the Dungeon.
You were not hungry.

You visited 1 branch of the dungeon, and saw 3 of its levels.

You collected 86 gold pieces.

Inventory:

Hand Weapons
 e - a +1 short sword of flaming
   (You found it on level 1 of the Dungeon)
 g - a +2 dagger of draining (weapon)
   (You took it off a goblin on level 1 of the Dungeon)
Armour
 c - a +0 robe (worn)
Jewellery
 k - a +2 ring of strength (left hand)
   (You found it on level 2 of the Dungeon)
Scrolls
 a - a scroll of blinking {unknown}
 b - 2 scrolls of teleportation
 j - 2 scrolls of identify {unknown}
Potions
 d - a potion of invisibility {unknown}
 h - a potion of curing {unknown}
 i - 2 potions of heal wounds {unknown}
Comestibles
 f - a ration


   Skills:
 + Level 1.4 Fighting
 + Level 1.4 Short Blades
 + Level 1.4 Long Blades
 + Level 1.4 Axes
 + Level 1.4 Maces & Flails
 + Level 1.4 Polearms
 + Level 1.4 Staves
 + Level 1.4 Slings
 + Level 1.4 Bows
 + Level 1.4 Crossbows
 + Level 2.9 Throwing
 + Level 1.4 Armour
 + Level 1.4 Dodging
 + Level 2.7 Stealth
 + Level 1.4 Shields
 + Level 1.4 Unarmed Combat
 + Level 7.3 Spellcasting
 + Level 1.1 Conjurations
 + Level 2.3 Hexes
 + Level 3.9 Charms
 + Level 1.1 Summonings
 + Level 1.1 Necromancy
 + Level 1.1 Translocations
 + Level 1.1 Transmutations
 + Level 1.1 Fire Magic
 + Level 1.1 Ice Magic
 + Level 3.9 Air Magic
 + Level 1.1 Earth Magic
 + Level 1.1 Poison Magic
 + Level 1.6 Invocations
 + Level 1.4 Evocations


You had 16 spell levels left.
You knew the following spells:

 Your Spells              Type           Power        Failure   Level  Hunger
a - Ensorcelled Hibernat  Hex/Ice        ##....       9%          2    None


Dungeon Overview and Level Annotations

Branches:
Dungeon (2/15)

Altars:

Shops:
D:4 !


Innate Abilities, Weirdness & Mutations

Your experience applies equally to all skills.
You have very sharp teeth.
Your uncanny sense of smell can sniff out nearby items.


Message History

You take 5 damage, and have 3/32 hp.
You now have 4/13 mp.
Aim: a worm (chance to defeat MR: 50%)
The worm resists with some effort.
You now have 2/13 mp.
Your magical contamination has completely faded away.
You see here an adder corpse.
You start resting.
You regained 2 mp, and now have 8/13 mp.
Aim: a worm (chance to defeat MR: 50%)
The worm resists with some effort.
You now have 6/13 mp.
Aim: a worm (chance to defeat MR: 50%)
The worm resists with some effort.
You now have 4/13 mp.
Aim: a worm (chance to defeat MR: 50%)
The worm resists with some effort.
You now have 2/13 mp.
Aim: a worm (chance to defeat MR: 50%)
The worm looks drowsy...
You now have 0/13 mp.
The helpless worm fails to defend itself.
You impale the worm!!
You kill the worm!
You have reached level 5!
You start resting.
Health restored: 37; MP restored: 14 You see here a rat skeleton.
k - a blackened silver ring You fall through a shaft for 2 floors!
The shaft crumbles and collapses.
Found a scroll of teleportation.
Found Wizxoliph's Distillery.
Unknown command.
An iguana comes into view.
You feel stronger.
k - a +2 ring of strength (left hand)
There is an entrance to Wizxoliph's Distillery here.
Unknown command.
Unknown command.
The iguana is too close now for your liking.
An iguana is nearby!
An iguana is nearby!
You see here a scroll of teleportation.
The helpless iguana fails to defend itself.
You puncture the iguana! You drain the iguana!
You kill the iguana!
b - 2 scrolls of teleportation (gained 1)
You now have 81 gold pieces (gained 11).
A dart slug comes into view.
A dart slug is nearby!
A dart slug is nearby!
You hit the dart slug. You drain the dart slug! You bite the dart slug.
You hit the dart slug but do no damage. You drain the dart slug!
The dart slug launches a dart at you. The slug dart misses you.
You hit the dart slug.
You kill the dart slug!
No target in view!
You now have 86 gold pieces (gained 5).
A hound skeleton comes into view.
A hound skeleton is nearby!
A hound skeleton is nearby!
An orc warrior comes into view. It is wielding a mace.
The hound skeleton closely misses you. The hound skeleton bites you.
You take 2 damage, and have 35/37 hp.
You hit the hound skeleton. The hound skeleton bites you.
You take 1 damage, and have 34/37 hp.
You hit the hound skeleton. The hound skeleton barely misses you.
You hit the hound skeleton but do no damage.
The hound skeleton bites you.
You take 3 damage, and have 31/37 hp.
You hit the hound skeleton. Your bite misses the hound skeleton.
The hound skeleton barely misses you.
You hit the hound skeleton. The hound skeleton barely misses you.
The hound skeleton bites you.
You take 1 damage, and have 30/37 hp.
You hit the hound skeleton. You bite the hound skeleton.
The hound skeleton barely misses you.
You hit the hound skeleton.
You destroy the hound skeleton!
You hit the orc warrior but do no damage.
You drain the orc warrior! The orc warrior hits you with a mace!!
You take 18 damage, and have 12/37 hp.
MASSIVE DAMAGE!!
You don't know that spell.
Aim: an orc warrior, wielding a mace and wearing a chain mail (lightly wounded, lightly drained, chance to defeat MR: 47%)
You miscast Ensorcelled Hibernation.
You are very lightly contaminated with residual magic.
Nothing appears to happen.
The orc warrior completely misses you.
You now have 12/14 mp.
Aim: an orc warrior, wielding a mace and wearing a chain mail (lightly wounded, lightly drained, chance to defeat MR: 47%)
The orc warrior resists with some effort.
You now have 10/14 mp.
Aim: an orc warrior, wielding a mace and wearing a chain mail (lightly wounded, lightly drained, chance to defeat MR: 47%)
The orc warrior resists with some effort.
The orc warrior misses you.
You now have 8/14 mp.
Aim: an orc warrior, wielding a mace and wearing a chain mail (lightly wounded, lightly drained, chance to defeat MR: 47%)
The orc warrior resists with some effort.
The orc warrior hits you with a mace!
You die...

#.....# ##..#...##
..### ##...#....#
#.....### #........#
#.......# ##.......#
#.......###...[....###
#......##.#..........
#......#.##...o..##
#.......##..@...#
##.....###......# ###
#[†..## ##.....#
....###...# #.......
..........#####...#####
................)..
....................
..##.####.........## .
#. ##..##..#


You could see an orc warrior.

Vanquished Creatures
  Natasha (D:2)
  An iguana (D:4)
  A hound skeleton (D:4)
  4 adders (D:2)
  3 worms (D:2)
  5 dart slugs
  A ball python (D:2)
  3 giant cockroaches (D:1)
  3 goblins (D:1)
  5 hobgoblins
  A quokka (D:2)
  3 bats
  4 frilled lizards
  3 kobolds
  9 rats
47 creatures vanquished.

Notes
Turn   | Place    | Note
-------+----------+-------------------------------------------
     0 | D:1      | mhoghedin the Gnoll Wanderer began the quest for the Orb.
     0 | D:1      | mhoghedin set off with: a scroll of teleportation, a +0 robe, a +0 club, a ration
     0 | D:1      | Reached XP level 1. HP: 13/13 MP: 8/8
   299 | D:1      | Reached skill level 2 in Hexes
   299 | D:1      | Reached XP level 2. HP: 7/19 MP: 10/10
   551 | D:1      | Learned a level 2 spell: Ensorcelled Hibernation
   802 | D:1      | Reached XP level 3. HP: 25/25 MP: 11/11
  1594 | D:2      | HP: 2/25 [worm (8)]
  2066 | D:2      | Reached skill level 1 in Invocations
  2327 | D:2      | Reached skill level 1 in Fighting
  2327 | D:2      | Reached skill level 1 in Short Blades
  2327 | D:2      | Reached skill level 1 in Long Blades
  2327 | D:2      | Reached skill level 1 in Axes
  2327 | D:2      | Reached skill level 1 in Maces & Flails
  2327 | D:2      | Reached skill level 1 in Polearms
  2327 | D:2      | Reached skill level 1 in Staves
  2327 | D:2      | Reached skill level 1 in Slings
  2327 | D:2      | Reached skill level 1 in Bows
  2327 | D:2      | Reached skill level 1 in Crossbows
  2327 | D:2      | Reached skill level 1 in Armour
  2327 | D:2      | Reached skill level 1 in Dodging
  2327 | D:2      | Reached skill level 1 in Shields
  2327 | D:2      | Reached skill level 1 in Unarmed Combat
  2327 | D:2      | Reached skill level 1 in Evocations
  2370 | D:2      | Reached XP level 4. HP: 21/32 MP: 10/13
  2568 | D:2      | Noticed Natasha
  2577 | D:2      | Killed Natasha
  2817 | D:2      | Reached skill level 1 in Conjurations
  2817 | D:2      | Reached skill level 1 in Summonings
  2817 | D:2      | Reached skill level 1 in Necromancy
  2817 | D:2      | Reached skill level 1 in Translocations
  2817 | D:2      | Reached skill level 1 in Transmutations
  2817 | D:2      | Reached skill level 1 in Fire Magic
  2817 | D:2      | Reached skill level 1 in Ice Magic
  2817 | D:2      | Reached skill level 1 in Earth Magic
  2817 | D:2      | Reached skill level 1 in Poison Magic
  2872 | D:2      | HP: 8/32 [worm (7)]
  2873 | D:2      | HP: 3/32 [worm (5)]
  2926 | D:2      | Reached XP level 5. HP: 10/37 MP: 0/14
  3168 | D:2      | You fall through a shaft for 2 floors!
  3168 | D:4      | Found Wizxoliph's Distillery.
  3284 | D:4      | Noticed an orc warrior
  3297 | D:4      | Slain by an orc warrior

Vault maps used:
D:1:      lemuel_arrival_muddy
D:2:      uniq_natasha
D:4:      first_ration, serial_shops, shop, guppyfry_early_orc_mine, uniq_ijyb

Skill      XL: |  1  2  3  4 |
---------------+-------------+-----
Hexes          | 2 |  2.3
Invocations    | 1 |  1.6
Fighting       | 1 |  1.4
Short Blades   | 1 |  1.4
Long Blades    | 1 |  1.4
Axes           | 1 |  1.4
Maces & Flails | 1 |  1.4
Polearms       | 1 |  1.4
Staves         | 1 |  1.4
Slings         | 1 |  1.4
Bows           | 1 |  1.4
Crossbows      | 1 |  1.4
Armour         | 1 |  1.4
Dodging        | 1 |  1.4
Shields        | 1 |  1.4
Unarmed Combat | 1 |  1.4
Evocations     | 1 |  1.4
Conjurations   | 1 |  1.1
Summonings     | 1 |  1.1
Necromancy     | 1 |  1.1
Translocations | 1 |  1.1
Transmutations | 1 |  1.1
Fire Magic     | 1 |  1.1
Ice Magic      | 1 |  1.1
Earth Magic    | 1 |  1.1
Poison Magic   | 1 |  1.1
Throwing       | |  2.9
Stealth        | |  2.7
Spellcasting   | |  7.3
Charms         | |  3.9
Air Magic      | |  3.9

Action                   |  1- 3 |  4- 6 || total
-------------------------+-------+-------++-------
Melee: Club              |    13 |       ||    13
       Whip              |    37 |       ||    37
       Bite              |    11 |     4 ||    15
       Dagger            |    65 |    36 ||   101
       Short sword       |     5 |       ||     5
 Cast: Ensorcelled Hiber |    15 |    14 ||    29
 Stab: Sleeping          |     8 |     5 ||    13
  Eat: Chunk             |     4 |       ||     4
       Ration            |       |     1 ||     1
Armor: Robe              |    11 |     1 ||    12
Dodge: Dodged            |    77 |    30 ||   107

Table legend:
 A = Spawn XP
 B = Non-spawn XP
 C = Spawn XP percentage of total XP
 D = Spawn monster count
 E = Non-spawn monster count
 F = Spawn count percentage of total count
 G = Total turns spent on level
                    A         B        C        D         E        F      G
               +---------+---------+-------+---------+---------+-------+---------
         Total |       0 |     225 |   0.0 |       0 |      47 |   0.0 |  3297
               +---------+---------+-------+---------+---------+-------+---------
           D:1 |       0 |      46 |   0.0 |       0 |      23 |   0.0 |  1800
           D:2 |       0 |     120 |   0.0 |       0 |      21 |   0.0 |  1368
           D:4 |       0 |      59 |   0.0 |       0 |       3 |   0.0 |   129
               +---------+---------+-------+---------+---------+-------+---------

Vault maps used:
D:1:      lemuel_arrival_muddy
D:2:      uniq_natasha
D:4:      first_ration, serial_shops, shop, guppyfry_early_orc_mine, uniq_ijyb

Table legend:
 A = Turns spent in this place as a percentage of turns spent in the entire game.
 B = Non-inter-level travel turns spent in this place as a percentage of non-inter-level travel turns spent in the entire game.
 C = Inter-level travel turns spent in this place as a percentage of turns spent in this place.
 D = Turns resting spent in this place as a percentage of non-inter-level travel turns spent in this place.
 E = Turns spent auto-exploring this place as a percentage of non-inter-level travel turns spent in this place.
 F = Non-inter-level travel turns spent in this place divided by the number of levels of this place that you've seen.
                   A       B       C       D       E      F
               +-------+-------+-------+-------+-------+----------------------
         Total | 100.0 | 100.0 |   0.4 |  48.6 |  36.4 | 1094.3
       Dungeon | 100.0 | 100.0 |   0.4 |  48.6 |  36.4 | 1094.3
               +-------+-------+-------+-------+-------+----------------------

Table legend:
 A = Kills in this place as a percentage of kills in entire the game.
 B = Kills by you in this place as a percentage of kills by you in the entire game.
 C = Kills by friends in this place as a percentage of kills by friends in the entire game.
 D = Other kills in this place as a percentage of other kills in the entire game.
 E = Experience gained in this place as a percentage of experience gained in the entire game.
 F = Experience gained in this place divided by the number of levels of this place that you have seen.
                   A       B       C       D       E      F
               +-------+-------+-------+-------+-------+----------------------
         Total | 100.0 | 100.0 |   N/A |   N/A | 100.0 |  75.0
       Dungeon | 100.0 | 100.0 |   N/A |   N/A | 100.0 |  75.0
               +-------+-------+-------+-------+-------+----------------------
